 Dungeon Crawl Stone Soup version 0.18.1-47-g9310371 (webtiles) character file.

2747 Gargoyl the Covered (level 9, -3/69 HPs)
             Began as a Demonspawn Abyssal Knight on June 23, 2016.
             Was a High Priest of Lugonu.
             Slain by an orc warlord
             ... wielding a +0 war axe
              (29 damage)
             ... in a bailey.
             The game lasted 00:15:45 (7598 turns).

Gargoyl the Covered (Demonspawn Abyssal Knight)     Turns: 7598, Time: 00:15:45

Health: -3/69      AC: 16    Str: 21    XL:     9   Next: 41%
Magic:  11/11      EV:  9    Int: 14    God:    Lugonu [*****.]
Gold:   420        SH:  9    Dex: 12    Spells: 0 memorised, 8 levels left

rFire  . . .     SeeInvis +     t - +1 war axe
rCold  . . .     Gourm    .     n - +0 chain mail
rNeg   . . .     Faith    .     d - +0 shield
rPois  .         Spirit   .     y - +1 helmet
rElec  .         Dismiss  .     (no cloak)
rCorr  .         Reflect  .     B - +2 pair of gloves
SustAt .         Harm     .     (no boots)
MR     .....                    (no amulet)
Stlth  ..........               g - +2 ring of evasion
                                j - ring of see invisible

@: mighty, not resistant to hostile enchantments, extremely unstealthy
A: hooves 2, powered by death 1, powered by pain 1
a: Depart the Abyss, Bend Space, Banish, Corrupt, Enter the Abyss, Renounce
Religion


You were in a bailey.
You worshipped Lugonu.
Lugonu was extremely pleased with you.
You were not hungry.

You visited 1 branch of the dungeon, and saw 8 of its levels.
You visited the Abyss 1 time.
You also visited: Ossuary and Bailey.

You collected 420 gold pieces.

Inventory:

Hand Weapons
 t - a +1 war axe (weapon)
Missiles
 r - 4 tomahawks (quivered)
 E - 27 tomahawks of returning
Armour
 d - a +0 shield (worn)
 n - a +0 chain mail (worn)
 y - a +1 helmet (worn)
 B - a +2 pair of gloves (worn)
Jewellery
 f - a cursed ring of teleportation {unknown}
 g - a +2 ring of evasion (right hand)
 h - an uncursed ring of resist corrosion
 j - a ring of see invisible (left hand)
 m - an uncursed ring of magical power
Wands
 l - a wand of teleportation (1/9)
 H - a wand of iceblast (7/15)
Scrolls
 p - 5 scrolls of teleportation
 u - a scroll of fear
 w - 2 scrolls of remove curse
 x - a scroll of amnesia
 J - a scroll of enchant weapon
Potions
 a - a potion of beneficial mutation {unknown}
 e - 4 potions of heal wounds {unknown}
 i - 3 potions of curing
 k - a potion of might {unknown}
 o - a potion of invisibility {unknown}
 s - a potion of lignification {unknown}
 v - 2 potions of resistance {unknown}
 z - 2 potions of brilliance {unknown}
 A - 3 potions of flight {unknown}
 C - 3 potions of degeneration {unknown}
 F - a potion of berserk rage {unknown}
 G - 3 potions of magic {unknown}
 I - a potion of agility {unknown}
 K - a potion of haste {unknown}
Comestibles
 b - 3 beef jerkies
 c - 6 bread rations
 q - a slice of pizza
 D - 5 meat rations


   Skills:
 + Level 5.8 Fighting
 + Level 5.7 Axes
 * Level 7.6 Armour
 + Level 3.4 Dodging
 + Level 0.2 Stealth
 + Level 3.9 Shields
 + Level 3.6 Invocations


You had 8 spell levels left.
You didn't know any spells.

Dungeon Overview and Level Annotations

Branches:
Dungeon (8/15)             Temple (0/1) D:4
   Lair: D:8-11

Altars:
Dithmenos
Makhleb
Nemelex Xobeh
Qazlal
Sif Muna
Trog
Xom
The Shining One


Innate Abilities, Weirdness & Mutations

You have hoof-like feet.
You regenerate a little health from kills.
You sometimes gain a little power by taking damage.


Message History

You barely miss the orc warlord.
The orc warlord is lightly wounded.
The goblin barely misses you. You block the orc warlord's attack.
You closely miss the goblin.
You hit the orc warlord but do no damage.
The orc warlord is lightly wounded.
You block the goblin's attack. You block the orc warlord's attack.
Unknown command.
You closely miss the goblin. You kick the goblin.
You kill the goblin!
Lugonu accepts your kill.
You hit the orc warlord.
The orc warlord is lightly wounded.
The orc warlord hits you with a war axe!
Unknown command.
You slice the orc warlord!!
You kick the orc warlord, but do no damage.
The orc warlord is moderately wounded.
The orc warlord hits you with a war axe!!
You die...

8....'...(.'.)).......#
...#########......8...#
..##≈≈≈# ≈ ####......##
..#≈[... .≈#≈≈#.....##
..#≈!........≈#....##
..##8.8...8.8≈##...#
...#g........≈≈'...#
...#....∩....≈≈))..#
...#.........≈≈o@÷.#
..##8.8...8.8≈##.÷.#
..#og........≈#))).##
..#≈=.....≈#≈≈#.....##
..##≈≈≈# ####......##
...#########......8...#
8)...'.....(..........#
.....#≈≈≈≈≈#..........#
.....#≈≈≈≈≈#...8..8..##


You could see an orc warlord.

Vanquished Creatures
  Sigmund (D:3)
  3 orc warriors (Bailey)
  An ice beast (D:4)
  An ogre (D:7)
  2 elf zombies (D:6)
  4 giant frogs
  3 water moccasin zombies (Ossuary)
  A water moccasin skeleton (D:7)
  A scorpion (D:6)
  A howler monkey (D:6)
  A giant frog zombie (D:8)
  A quasit (D:7)
  An orc priest (D:5)
  A hound (D:6)
  2 orc wizards
  2 human zombies (D:6)
  Ijyb (D:2)
  3 iguanas
  2 human skeletons (D:6)
  6 worker ants
  6 big kobold zombies (Ossuary)
  2 mummies (Ossuary)
  2 howler monkey zombies
  11 gnolls
  5 adders
  3 shadow imps
  An ooze (D:2)
  An adder skeleton (D:5)
  7 adder zombies
  2 worms (D:2)
  A dart slug (D:2)
  6 giant geckos
  15 orcs
  6 giant cockroaches
  A gnoll zombie (Ossuary)
  17 goblins
  7 hobgoblins
  14 jackals
  19 kobolds
  4 quokkas
  5 bats
  A giant gecko skeleton (D:7)
  4 giant newts
  4 hobgoblin zombies (Ossuary)
  4 kobold zombies (Ossuary)
  6 orc zombies (Ossuary)
  6 rats
198 creatures vanquished.

Vanquished Creatures (others)
  The ghost of Vincendra the Protected, a journeyman MiFi of Okawaru (Bailey)
  A crimson imp (D:5)
2 creatures vanquished.

Grand Total: 200 creatures vanquished

Notes
Turn   | Place    | Note
--------------------------------------------------------------
     0 | Abyss:1  | Gargoyl the Demonspawn Abyssal Knight began the quest for the Orb.
     0 | Abyss:1  | Reached XP level 1. HP: 18/18 MP: 2/2
    93 | Abyss:1  | Noticed a ynoxinul
    94 | D:1      | Escaped the Abyss
   127 | D:1      | Reached * piety under Lugonu
   390 | D:1      | Reached skill level 2 in Armour
   400 | D:1      | Gained mutation: You sometimes gain a little power by taking damage. [demonic ancestry]
   400 | D:1      | Reached XP level 2. HP: 24/24 MP: 3/3
   826 | D:2      | Reached skill level 1 in Dodging
   896 | D:2      | Found a burning altar of Makhleb.
   905 | D:2      | Found a shadowy altar of Dithmenos.
   907 | D:2      | Found a shimmering altar of Xom.
   907 | D:2      | Found a sparkling altar of Nemelex Xobeh.
   907 | D:2      | Found a deep blue altar of Sif Muna.
   960 | D:2      | Noticed Ijyb
   975 | D:2      | Killed Ijyb
   975 | D:2      | Gained mutation: You regenerate a little health from kills. [demonic ancestry]
   975 | D:2      | Reached XP level 3. HP: 19/30 MP: 4/4
  1111 | D:2      | Found a bloodstained altar of Trog.
  1113 | D:2      | Found a stormy altar of Qazlal.
  1259 | D:2      | Reached XP level 4. HP: 35/37 MP: 5/5
  1434 | D:3      | Noticed Sigmund
  1715 | D:3      | Reached ** piety under Lugonu
  1810 | D:3      | Reached skill level 3 in Armour
  1864 | D:3      | Killed Sigmund
  1864 | D:3      | Reached skill level 4 in Armour
  1864 | D:3      | Reached skill level 1 in Shields
  1864 | D:3      | Reached XP level 5. HP: 26/42 MP: 6/6
  1864 | D:3      | Reached XP level 6. HP: 30/48 MP: 7/7
  2681 | D:4      | Found a staircase to the Ecumenical Temple.
  2808 | D:4      | Found a bloodstained altar of Trog.
  2825 | D:4      | Reached *** piety under Lugonu
  3057 | D:4      | Noticed an ice beast
  3070 | D:4      | Killed an ice beast
  3689 | D:4      | Reached XP level 7. HP: 54/54 MP: 8/8
  3697 | D:4      | Found a glowing golden altar of the Shining One.
  3915 | D:5      | Entered Level 5 of the Dungeon
  4070 | D:5      | Reached skill level 5 in Armour
  5266 | D:6      | Found a sand-covered staircase.
  5274 | Ossuary  | Entered an ossuary
  5304 | Ossuary  | Gained mutation: You have large cloven feet. [demonic ancestry]
  5304 | Ossuary  | Reached XP level 8. HP: 61/61 MP: 10/10
  5324 | Ossuary  | Reached skill level 6 in Armour
  5341 | Ossuary  | Reached **** piety under Lugonu
  5485 | Ossuary  | Reached skill level 5 in Fighting
  5869 | D:7      | Reached skill level 5 in Axes
  6789 | D:7      | Gained mutation: You have hoof-like feet. [demonic ancestry]
  6789 | D:7      | Reached XP level 9. HP: 68/68 MP: 11/11
  6968 | D:8      | Reached skill level 7 in Armour
  7087 | D:8      | Found a flagged portal.
  7109 | Bailey   | Entered a bailey
  7109 | Bailey   | Noticed Vincendra's ghost (journeyman MiFi)
  7123 | Bailey   | Banished Vincendra's ghost
  7157 | Bailey   | Noticed an orc warlord
  7266 | Bailey   | Found a runed gate.
  7266 | Bailey   | Found a runed gate.
  7300 | Bailey   | Found a runed gate.
  7310 | Bailey   | Reached ***** piety under Lugonu
  7598 | Bailey   | Slain by an orc warlord

Skill      XL: |  1  2  3  4  5  6  7  8  9 |
---------------+----------------------------+-----
Armour         | 2 4 5 6 7 |  7.6
Dodging        | 1 2 3 |  3.4
Axes           | 2 3 5 |  5.7
Fighting       | 4 5 |  5.8
Shields        | 1 2 3 |  3.9
Invocations    | 3 |  3.6
Stealth        | |  0.2

Action                   |  1- 3 |  4- 6 |  7- 9 || total
-------------------------+-------+-------+-------++-------
Melee: Hand axe          |   109 |    85 |       ||   194
       War axe           |       |   147 |   627 ||   774
       Kick              |       |       |   127 ||   127
Invok: Depart the Abyss  |     1 |       |       ||     1
       Banish            |       |       |     3 ||     3
  Use: Scroll            |     7 |     5 |     6 ||    18
  Eat: Chunk             |     1 |     9 |    13 ||    23
       Fruit             |       |       |     2 ||     2
Armor: Leather armour    |    14 |       |       ||    14
       Chain mail        |    31 |   162 |   415 ||   608
Dodge: Dodged            |    18 |   101 |   212 ||   331
Block: Shield            |    39 |   103 |   355 ||   497
